 Dungeon Crawl Stone Soup version 0.29.1-12-g30fa7ad0bf (webtiles) character file.

Game seed: 17600828425134104298

69847 croobank the Covert (level 14, -3/122 HPs)
             Began as a Demonspawn Conjurer on Dec 15, 2022.
             Was an Initiate of Gozag.
             Slain by a ghost moth (16 damage)
             ... on level 2 of the Spider Nest on Dec 16, 2022.
             The game lasted 02:13:33 (39403 turns).

croobank the Covert (Demonspawn Conjurer)          Turns: 39403, Time: 02:13:33

Health: -3/122     AC: 24    Str:  7      XL:     14   Next: 91%
Magic:  4/28       EV: 12    Int: 30      God:    Gozag
Gold:   4819       SH: 11    Dex: 12 (13) Spells: 19/34 levels left

rFire   + . .      SeeInvis +   S - +4 short sword (speed)
rCold   . . .      Faith    .   M - +3 buckler
rNeg    . . .      Spirit   .   e - +5 ring mail of Vehumet's Benevolence {rPois rCorr}
rPois   +          Reflect  +   (helmet unavailable)
rElec   .          Harm     .   B - +2 cloak
rCorr   +          Rampage  .   P - +2 pair of gloves
Will    +....                   I - +2 pair of boots
Stlth   ++++......              x - amulet of reflection
HPRegen 0.30/turn               K - ring of see invisible
MPRegen 0.21/turn               L - +6 ring of intelligence

@: about to teleport, spiked, on berserk cooldown, slowed, invisible, very slow
A: horns 3, molten scales 3, ignite blood 1, robust 1, demonic magic 1
a: Renounce Religion, Potion Petition, Call Merchant, Bribe Branch


You were on level 2 of the Spider Nest.
You worshipped Gozag.
Gozag was most pleased with you.
You visited 5 branches of the dungeon, and saw 22 of its levels.

You collected 5822 gold pieces.
You spent 530 gold pieces at shops.
You paid 473 gold pieces to Gozag.

Inventory:

Hand Weapons
 D - a +2 dagger of flaming
 N - a +1 war axe of freezing
 S - a +4 short sword of speed (weapon)
Missiles
 c - 5 curare-tipped darts
 A - a throwing net
Armour
 e - the +5 ring mail of Vehumet's Benevolence (worn) {rPois rCorr}
   (You found it on level 5 of the Dungeon)

   rPois:     It protects you from poison.
   rCorr:     It protects you from acid and corrosion.
 u - an orb of light
 B - a +2 cloak (worn)
 I - a +2 pair of boots (worn)
 M - a +3 buckler (worn)
 P - a +2 pair of gloves (worn)
Magical Staves
 Y - a staff of poison
Jewellery
 j - the ring of Noineli {rF+ rC+ Will+ Slay+2}
   (You acquired it on level 4 of the Dungeon)

   [ring of protection from fire]

   Slay:      It affects your accuracy & damage with ranged weapons and melee
   (+2).
   rF:        It protects you from fire.
   rC:        It protects you from cold.
   Will:      It increases your willpower.
 x - an amulet of reflection (around neck)
 y - a ring of wizardry
 z - a ring of poison resistance
 C - a ring of resist corrosion
 F - a ring of flight
 G - a ring of wizardry
 K - a ring of see invisible (left hand)
 L - a +6 ring of intelligence (right hand)
Wands
 b - a wand of flame (6)
 E - a wand of digging (5)
 H - a wand of mindburst (32)
 O - a wand of roots (4)
 Q - a wand of charming (15)
Scrolls
 a - a scroll of silence
 g - a scroll of brand weapon
 h - 4 scrolls of amnesia
 o - 3 scrolls of fear
 p - 2 scrolls of poison
 s - 2 scrolls of immolation
 t - 11 scrolls of identify
 U - a scroll of summoning
 V - a scroll of teleportation
 W - a scroll of magic mapping
Potions
 d - 4 potions of might
 f - a potion of invisibility
 k - 4 potions of mutation
 l - a potion of lignification
 n - a potion of brilliance
 q - a potion of attraction
 r - 5 potions of haste
 v - 11 potions of curing
 w - 4 potions of ambrosia
 J - 2 potions of berserk rage
 R - a potion of cancellation
 T - 2 potions of flight
 X - 2 potions of resistance
 Z - 4 potions of heal wounds
Miscellaneous
 i - a lightning rod (4/4)


   Skills:
 + Level 10.7 Fighting
 - Level 5.0 Armour
 + Level 10.0 Dodging
 + Level 11.0 Stealth
 * Level 10.5 Spellcasting
 - Level 10.0 Conjurations
 - Level 5.0 Hexes
 * Level 3.7 Summonings
 - Level 7.0 Translocations
 + Level 7.8 Poison Magic


You had 19 spell levels left.
You knew the following spells:

 Your Spells              Type           Power      Damage    Failure   Level
a - Magic Dart            Conj           100%       1d8       1%          1
b - Searing Ray           Conj           100%       2d8       1%          2
c - Dazzling Flash        Conj/Hex       100%       N/A       1%          3
d - Iskenderun's Mystic   Conj/Tloc      61%        2d13      4%          4
e - Apportation           Tloc           100%       N/A       1%          1
f - Olgreb's Toxic Radia  Pois           58%        N/A       5%          4

Your spell library contained the following spells:

 Spells                   Type           Power      Damage    Failure   Level
 Gell's Gravitas          Tloc           55%        N/A       2%          3
 Teleport Other           Tloc           55%        N/A       2%          3
 Portal Projectile        Hex/Tloc       100%       N/A       3%          3
 Fulminant Prism          Conj/Hex       28%        3d14      6%          4
 Call Canine Familiar     Summ           38%        N/A       9%          3
 Sublimation of Blood     Necr           15%        N/A       22%         2
 Summon Forest            Summ/Tloc      24%        N/A       38%         5
 Leda's Liquefaction      Hex/Erth       15%        N/A       45%         4
 Irradiate                Conj/Tmut      22%        3d19      45%         5
 Summon Mana Viper        Hex/Summ       42%        N/A       54%         5
 Alistair's Intoxication  Tmut/Pois      26%        N/A       61%         5
 Dispersal                Tloc           27%        N/A       77%         6
 Petrify                  Tmut/Erth      15%        N/A       80%         4
 Starburst                Conj/Fire      22%        6d8       95%         6
 Blade Hands              Tmut           7%         N/A       98%         5
 Lee's Rapid Deconstruct  Erth           7%         3d8*      98%         5
 Summon Cactus Giant      Summ           19%        N/A       99%         6
 Statue Form              Tmut/Erth      10%        N/A       100%        6
 Dragon Form              Tmut           7%         N/A       100%        7
 Ozocubu's Refrigeration  Ice            7%         4d9       100%        7
 Ignition                 Fire           7%         3d5       100%        8


Dungeon Overview and Level Annotations

Branches:
Dungeon (11/15)            Temple (1/1) D:7            Lair (5/5) D:9
 Shoals (0/4) Lair:2       Spider (3/4) Lair:3        Slime (0/5) Lair:5
    Orc (2/2) D:9             Elf (0/3) Orc:2

Altars:
Ashenzari
Dithmenos
Fedhas
Gozag
Hepliaklqana
Kikubaaqudgha
Makhleb
Nemelex Xobeh
Okawaru
Qazlal
Ru
Sif Muna
Trog
Uskayaw
Vehumet
Wu Jian
Xom
Yredelemnul
Jiyva

Shops:
D:1 [   Orc:2 [(*:

Annotations:
D:5 1 runed translucent door, Crazy Yiuf
D:8 4 transporters
D:11 exclusion: ice statue
Orc:1 3 runed translucent doors, math4jedi's ghost, journeyman MiBe; mortz's ghost, journeyman GrMo


Innate Abilities, Weirdness & Mutations

You have a pair of large horns on your head.
You are completely covered in molten scales. (AC +4, rF+)
Your demonic aura sometimes causes spilled blood to erupt in flames.
You are robust. (+10% HP)
Spells you cast may paralyse adjacent enemies.


Message History

The steelbarb worm is severely wounded.
The steelbarb worm hits you!
* * * LOW HITPOINT WARNING * * *
Barbed spikes become lodged in your body.
The ghost moth is distracted by your dazzling golden aura.
The steelbarb worm misses you.
You strike the helpless steelbarb worm from behind!
You hit the steelbarb worm.
The steelbarb worm is severely wounded.
The steelbarb worm closely misses you.
Okay, then.
You puncture the steelbarb worm!
Your headbutt misses the steelbarb worm.
The steelbarb worm is severely wounded.
The steelbarb worm hits you!
* * * LOW HITPOINT WARNING * * *
Barbed spikes become lodged in your body.
You are too berserk!
You hit the steelbarb worm.
The steelbarb worm is severely wounded.
You block the steelbarb worm's attack.
You hit the steelbarb worm.
The steelbarb worm is severely wounded.
You are no longer berserk.
You are exhausted.
You feel yourself slow down.
The ghost moth is no longer distracted by gold.
The steelbarb worm misses you. The ghost moth closely misses you.
You block the ghost moth's attack.
The ghost moth stings you but does no damage.
As you read the scroll of teleportation, it crumbles to dust.
You feel strangely unstable. You block the steelbarb worm's attack.
The steelbarb worm completely misses you.
The ghost moth hits you but does no damage.
You block the ghost moth's attack. x2; The steelbarb worm hits you!
* * * LOW HITPOINT WARNING * * *
Barbed spikes become lodged in your body.
The ghost moth hits you!
You die...
Your body crumbles into a pile of gold.

)#.....##...#...#.....##.#..#
.#.#..##.......##....#......#
...#.......#..####.###.#..#.#
.....#.#.#..#.# ####.y^s.###
..#...#....#.^# ###w>.##
..#.....#....## ##w...##
#......#..#.## ##.#y..#
.....##<..########.#^.###
#^#.#^.#...###..@#...^.##
.####.#.#...^..>yw.^.#^.# ##
##..#...#.#.....#...##
####...^.#.....###.#.###
.......#...#..## #####
....#.###....####
.....##.)##..^..#
...####...#^...## #..#
##......^##


You could see a ghost moth (invisible, unable to see you) and a steelbarb worm
(berserk, unable to see you).

Vanquished Creatures
  Arachne (Spider:2)
  3 orc warlords
  An emperor scorpion (Spider:1)
  A ghost moth (Spider:2)
  An entropy weaver (Spider:1)
  An ettin (Orc:1)
  A fire dragon (Lair:5)
  3 hydras
  A catoblepas (Lair:3)
  A radroach (Spider:1)
  4 two-headed ogres
  3 orc high priests (Orc:2)
  A pharaoh ant (Spider:3)
  3 steelbarb worms (Spider:2)
  A swamp dragon (Lair:5)
  5 orb spiders
  3 orc knights (Orc:2)
  2 oklob plants (Lair:5)
  6 wolf spiders
  3 orc sorcerers (Orc:2)
  A moth of wrath (Spider:2)
  14 elephants
  2 torpor snails
  2 black mambas (Lair:5)
  3 gargoyles
  7 cane toads
  3 rime drakes (Lair:5)
  2 demonic crawlers (Spider:1)
  9 komodo dragons
  6 trolls
  4 polar bears
  6 tarantellas
  Grinder (D:6)
  3 blink frogs (Lair:5)
  15 dream sheep
  11 jumping spiders
  5 culicivoras
  A shadow (D:11)
  A vampire (D:9)
  3 basilisks
  3 wyverns
  58 yaks
  17 redbacks
  4 steam dragons
  4 wargs
  13 water moccasins
  2 acid dragons (Lair:5)
  3 black bears
  25 orc warriors
  A sky beast (D:7)
  2 ice beasts
  9 wolves
  9 ogres
  4 phantoms
  2 necrophages
  3 kobold brigands
  5 scorpions
  8 bullfrogs
  A wight (D:7)
  4 killer bees (D:11)
  7 electric eels
  2 howler monkeys (D:10)
  2 hounds
  2 lava snakes (Lair:3)
  8 orc priests
  3 jellies
  A centaur skeleton (D:4)
  6 iguanas
  13 orc wizards
  2 hound zombies (D:4)
  A hound skeleton (D:4)
  10 adders
  2 white imps
  An adder zombie (D:4)
  3 dart slugs
  49 orcs
  7 endoplasms
  A giant cockroach (D:2)
  7 goblins
  4 hobgoblins
  2 jackals (D:3)
  4 quokkas
  5 ball pythons
  7 bats
  3 frilled lizards
  25 kobolds
  5 rats
503 creatures vanquished.

Vanquished Creatures (collateral kills)
  A torpor snail (Spider:2)
  A demonic crawler (Spider:2)
  A jumping spider (Spider:2)
3 creatures vanquished.

Vanquished Creatures (others)
  32 fungi
  44 plants
  2 withered plants (D:4)
78 creatures vanquished.

Grand Total: 584 creatures vanquished

Notes
Turn   | Place    | Note
-------+----------+-------------------------------------------
     0 | D:1      | croobank the Demonspawn Conjurer began the quest for the
                  | Orb.
     0 | D:1      | Reached XP level 1. HP: 13/13 MP: 3/3
   237 | D:1      | Reached skill level 2 in Stealth
   307 | D:1      | Gained mutation: You have a pair of small horns on your
                  | head. [demonic ancestry]
   307 | D:1      | Reached XP level 2. HP: 19/19 MP: 0/5
   363 | D:1      | Learned a level 2 spell: Searing Ray
   774 | D:1      | Found Woasch's Armour Shop.
  1189 | D:2      | Gained mutation: You are partially covered in molten
                  | scales. (AC +2) [demonic ancestry]
  1189 | D:2      | Reached XP level 3. HP: 25/25 MP: 0/6
  1250 | D:2      | Learned a level 3 spell: Dazzling Flash
  1675 | D:2      | Reached skill level 1 in Fighting
  1907 | D:2      | Gained mutation: Your demonic aura sometimes causes spilled
                  | blood to erupt in flames. [demonic ancestry]
  1907 | D:2      | Reached XP level 4. HP: 32/32 MP: 3/7
  3936 | D:4      | Identified a scroll of acquirement
  3936 | D:4      | Acquired the ring of Noineli {rF+ rC+ Will+ Slay+2}
  3941 | D:4      | Noticed a phantom
  3942 | D:4      | Noticed a necrophage
  4272 | D:4      | Noticed a phantom
  4287 | D:3      | Killed a phantom
  4288 | D:3      | Reached skill level 3 in Stealth
  4288 | D:3      | Reached XP level 5. HP: 30/38 MP: 0/9
  4513 | D:4      | Noticed an ogre
  4523 | D:4      | Killed an ogre
  4524 | D:4      | Reached XP level 6. HP: 45/45 MP: 7/10
  4540 | D:4      | Reached skill level 5 in Conjurations
  5077 | D:4      | Reached XP level 7. HP: 7/51 MP: 2/12
  5618 | D:5      | Entered Level 5 of the Dungeon
  5994 | D:5      | Reached skill level 4 in Stealth
  6117 | D:5      | Identified the +5 ring mail of Vehumet's Benevolence {rPois
                  | rCorr}
  6305 | D:5      | Reached skill level 1 in Armour
  6541 | D:5      | Reached skill level 1 in Hexes
  6602 | D:6      | Gained mutation: Spells you cast may paralyse adjacent
                  | enemies. [demonic ancestry]
  6602 | D:6      | Reached XP level 8. HP: 58/58 MP: 9/14
  6957 | D:5      | Found a runed translucent door.
  6958 | D:5      | Noticed Crazy Yiuf
  7338 | D:5      | Learned a level 4 spell: Iskenderun's Mystic Blast
  7426 | D:6      | Noticed an eight-headed hydra
  7811 | D:6      | Killed an eight-headed hydra
  7812 | D:6      | Reached skill level 1 in Translocations
  7943 | D:6      | Reached XP level 9. HP: 65/65 MP: 3/15
  8145 | D:6      | Reached skill level 5 in Stealth
  8503 | D:6      | Noticed Grinder
  8519 | D:6      | Killed Grinder
  9297 | D:7      | Found a hazy altar of Hepliaklqana.
  9831 | D:7      | Found a staircase to the Ecumenical Temple.
  9845 | Temple   | Entered the Ecumenical Temple
  9888 | Temple   | Became a worshipper of Gozag Ym Sagoz the Greedy
 10045 | D:7      | Learned a level 1 spell: Apportation
 10108 | D:7      | Reached skill level 5 in Spellcasting
 10634 | D:8      | Reached skill level 5 in Dodging
 10880 | D:8      | Reached skill level 5 in Fighting
 11244 | D:8      | Found a transporter.
 11257 | D:8      | Noticed a two-headed ogre
 11266 | D:8      | Killed a two-headed ogre
 11267 | D:8      | Reached skill level 5 in Armour
 11267 | D:8      | Gained mutation: You are mostly covered in molten scales.
                  | (AC +3) [demonic ancestry]
 11267 | D:8      | Reached XP level 10. HP: 47/74 MP: 7/18
 11392 | D:8      | Found a transporter.
 11394 | D:8      | Found a transporter.
 11397 | D:8      | Noticed a two-headed ogre
 11398 | D:8      | Found a transporter.
 11562 | D:8      | Killed a two-headed ogre
 11563 | D:8      | Reached skill level 6 in Stealth
 12619 | D:9      | Found a staircase to the Lair.
 12911 | D:9      | Found a staircase to the Orcish Mines.
 13372 | D:10     | Entered Level 10 of the Dungeon
 13411 | D:10     | Reached skill level 5 in Hexes
 13425 | D:10     | Gained mutation: You are robust. (+10% HP) [demonic
                  | ancestry]
 13425 | D:10     | Reached XP level 11. HP: 52/89 MP: 10/20
 13662 | D:10     | Found a broken altar of Ashenzari.
 13682 | D:10     | Reached skill level 7 in Stealth
 14879 | D:11     | Noticed a two-headed ogre
 14887 | D:11     | HP: 1/91 [two-headed ogre/+0 giant club (17)]
 15823 | D:11     | Killed a two-headed ogre
 15824 | D:11     | Reached skill level 5 in Translocations
 16195 | D:11     | Noticed a two-headed ogre
 16229 | D:11     | Killed a two-headed ogre
 16489 | D:11     | Noticed a centaur warrior
 16491 | D:11     | Noticed a tengu warrior
 16867 | D:11     | Noticed a two-headed ogre
 17252 | Lair:1   | Entered Level 1 of the Lair of Beasts
 17563 | Lair:1   | Noticed a four-headed hydra
 17573 | Lair:1   | Killed a four-headed hydra
 17574 | Lair:1   | Reached skill level 8 in Stealth
 18412 | Lair:1   | Gained mutation: You are completely covered in molten
                  | scales. (AC +4, rF+) [demonic ancestry]
 18412 | Lair:1   | Reached XP level 12. HP: 100/100 MP: 18/23
 18597 | Lair:1   | Reached skill level 1 in Poison Magic
 19743 | Lair:2   | Found a staircase to the Shoals.
 20940 | Lair:3   | Noticed a catoblepas
 20973 | Lair:3   | Killed a catoblepas
 21662 | Lair:3   | Noticed a five-headed hydra
 21676 | Lair:3   | Killed a five-headed hydra
 21677 | Lair:3   | Reached skill level 9 in Stealth
 21798 | Lair:3   | Found a hole to the Spider Nest.
 22203 | Lair:4   | You fall into a shaft and drop 1 floor!
 22203 | Lair:5   | Entered Level 5 of the Lair of Beasts
 22279 | Lair:5   | Gained mutation: You have a pair of horns on your head.
                  | [demonic ancestry]
 22279 | Lair:5   | Reached XP level 13. HP: 98/108 MP: 10/25
 25223 | Lair:4   | Reached skill level 10 in Conjurations
 26494 | Lair:5   | Reached skill level 5 in Poison Magic
 26815 | Lair:5   | Found a viscous altar of Jiyva.
 26819 | Lair:5   | Found a staircase to the Slime Pits.
 27965 | Lair:5   | Noticed a fire dragon
 28107 | Lair:5   | Killed a fire dragon
 28674 | Orc:1    | Entered Level 1 of the Orcish Mines
 28890 | Orc:1    | Noticed an ettin
 29056 | Orc:1    | Killed an ettin
 29057 | Orc:1    | Reached skill level 10 in Stealth
 29747 | Orc:1    | Found a runed translucent gate.
 29748 | Orc:1    | Found a runed translucent gate.
 29749 | Orc:1    | Found a runed translucent gate.
 29750 | Orc:1    | Noticed math4jedi's ghost (journeyman MiBe)
 29751 | Orc:1    | Noticed mortz's ghost (journeyman GrMo)
 29780 | Orc:2    | Entered Level 2 of the Orcish Mines
 29781 | Orc:2    | Noticed an orc warlord
 29783 | Orc:2    | Found Yppux's Book Shop.
 29783 | Orc:2    | Noticed an orc warlord
 30254 | Orc:1    | Learned a level 4 spell: Olgreb's Toxic Radiance
 30274 | Orc:1    | Killed an orc warlord
 30936 | Orc:2    | Noticed an orc warlord
 31857 | Orc:2    | Found Jawkua's Antique Armour Boutique.
 31884 | Orc:2    | Killed an orc warlord
 31885 | Orc:2    | Gained mutation: You have a pair of large horns on your
                  | head. [demonic ancestry]
 31885 | Orc:2    | Reached XP level 14. HP: 112/119 MP: 22/27
 32606 | Orc:2    | Killed an orc warlord
 32782 | Orc:2    | Reached skill level 10 in Fighting
 32937 | Orc:2    | Bought a book of the Wilderness for 418 gold pieces
 33126 | Orc:2    | Found a staircase to the Elven Halls.
 33147 | Orc:2    | Found Odghozxypn's General Store.
 33372 | Orc:2    | Reached skill level 1 in Summonings
 33618 | Orc:2    | Bought a potion of magic for 112 gold pieces
 33642 | Orc:2    | Found Sacuu's Antique Weapon Shop.
 33842 | Spider:1 | Entered Level 1 of the Spider Nest
 35030 | Spider:1 | Noticed an emperor scorpion
 35048 | Spider:1 | Killed an emperor scorpion
 35974 | Spider:2 | Noticed Arachne
 36201 | Spider:2 | Reached skill level 10 in Spellcasting
 36527 | Spider:2 | Noticed a ghost moth
 36918 | Spider:2 | Killed a ghost moth
 37973 | Spider:2 | Identified the +2 great sword "Kaelozag" {flame, Fragile
                  | Fly rN++ Stlth+}
 38077 | Spider:2 | Killed Arachne
 38637 | Spider:3 | Reached skill level 10 in Dodging
 38637 | Spider:3 | Noticed an emperor scorpion
 38802 | Spider:3 | Reached skill level 11 in Stealth
 38802 | Spider:3 | Noticed a ghost moth
 39403 | Spider:2 | Slain by a ghost moth

Illustrated notes

Levels and vault maps discovered:
D:1:      dpeg_arrival_arbitrary_a, layout_basic, serial_shops, shop
D:2:      layout_basic
D:3:      layout_rooms, kennysheep_generic_room_15
D:4:      layout_gridville, serial_undead, serial_undead_c, serial_undead_e,
          serial_undead_b, serial_undead_e, serial_undead_a, serial_undead_c
D:5:      layout_basic, uniq_crazy_yiuf_cottage
D:6:      layout_basic, kennysheep_small_square, uniq_grinder
D:7:      layout_loops_ring, kennysheep_little_box,
          minmay_temple_entry_antechambers, st_stairs_5
D:8:      layout_loops_ring, nicolae_transporter_circle
D:9:      layout_cave_pods, david_lair_shrubbed, orc_0_dummy
D:10:     layout_roguey, mainiacjoe_overflow_small_starburst
D:11:     minmay_statue_hallways, layout_cave_pools, corexii_leaking_fountain,
          minmay_misc_feat_cross, minivault_12
Temple:   nicolae_temple_bog_church
Lair:1:   layout_hall_layers
Lair:2:   layout_small_grid, shoals_dummy_entry
Lair:3:   layout_gridlike, nicolae_spider_entry_orb_guardian,
          nicolae_lair_liquid_snakes, grunt_megastairs_1, serial_bayou_shore_b,
          serial_bayou_shore_b
Lair:4:   layout_gridlike, serial_bayou_lagoon_a, minmay_stone_trees_medium,
          serial_bayou_shore_a, lemuel_fruit_tree
Lair:5:   guppyfry_lair_end_dragon, layout_big_grid,
          minmay_slime_entry_oklob_enclosed, minivault_19, serial_bayou_shore_b
Spider:1: layout_chambers
Spider:2: layout_spider_delve, uniq_arachne
Spider:3: nicolae_spider_jumping_over_cracks
          [nicolae_spider_jumping_sub_no_exit, nicolae_spider_jumping_sub_grid,
          nicolae_spider_jumping_sub_lake, nicolae_spider_jumping_sub_shuffled],
          hangedman_spider_tarantella_strand, uniq_jorgrun
Orc:1:    layout_caves, basic_altar, gammafunk_ghost_cemetery
Orc:2:    grunt_orc_gardens, layout_caves, grunt_orc_garden, grunt_orc_garden,
          grunt_orc_garden, grunt_orc_garden

Skill      XL: |  1  2  3  4  5  6  7  8  9 10 11 12 13 14 |
---------------+-------------------------------------------+-----
Stealth        | 2 3 4 5 6 8 9 10 11 | 11.0
Dodging        | 2 3 4 5 6 7 8 9 10 | 10.0
Fighting       | 1 2 3 4 5 6 7 8 9 10 | 10.7
Spellcasting   | 3 4 5 6 7 8 9 10 | 10.5
Conjurations   | 5 6 7 8 9 10 | 10.0
Armour         | 1 3 5 |  5.0
Hexes          | 1 2 3 5 |  5.0
Translocations | 1 3 4 5 6 7 |  7.0
Poison Magic   | 3 6 7 |  7.8
Summonings     | 3 |  3.7

Action                   |  1- 3 |  4- 6 |  7- 9 | 10-12 | 13-15 || total
-------------------------+-------+-------+-------+-------+-------++-------
Melee: Dagger            |     9 |    31 |    20 |     9 |       ||    69
       Headbutt          |     2 |     5 |     4 |   136 |   112 ||   259
       Punch             |       |     1 |       |     4 |       ||     5
       Short sword       |       |       |       |   426 |   325 ||   751
 Cast: Magic Dart        |    39 |    54 |    62 |    33 |    35 ||   223
       Searing Ray       |    15 |    24 |    72 |    78 |    73 ||   262
       Dazzling Flash    |       |     5 |       |   100 |     4 ||   109
       Iskenderun's Myst |       |       |       |    22 |   256 ||   278
       Olgreb's Toxic Ra |       |       |       |       |     9 ||     9
Invok: Potion Petition   |       |       |       |       |     1 ||     1
Evoke: Wand              |       |       |       |     4 |    22 ||    26
       Lightning rod     |       |       |       |       |     4 ||     4
  Use: Scroll            |       |     8 |    12 |    16 |    10 ||    46
       Potion            |       |     2 |     1 |     1 |     9 ||    13
 Stab: Sleeping          |       |     1 |     1 |     2 |     9 ||    13
       Paralysed         |       |       |     3 |   117 |    39 ||   159
       Invisible         |       |       |       |    39 |     1 ||    40
       Distracted        |       |       |       |     1 |       ||     1
Armor: Robe              |     3 |    17 |     7 |       |       ||    27
       Ring mail         |       |       |    36 |   168 |   230 ||   434
Dodge: Dodged            |    12 |    65 |    36 |   235 |   243 ||   591
Block: Other             |       |     6 |    19 |    72 |       ||    97
       Reflection        |       |       |     1 |       |     9 ||    10
       Buckler           |       |       |       |    25 |   258 ||   283
